 Dungeon Crawl Stone Soup version 0.27.1-3-gb3d3a73c9e (webtiles) character file.

Game seed: 2371837729717587662

319 barney the Changer (level 6, -1/47 HPs)
             Began as a Draconian Transmuter on Oct 5, 2021.
             Succumbed to an adder's poison
             ... on level 3 of the Dungeon.
             The game lasted 00:04:22 (5079 turns).

barney the Changer (Draconian Transmuter)           Turns: 5079, Time: 00:04:23

Health: -1/47      AC:  7    Str: 13    XL:     6   Next: 21%
Magic:  4/9        EV: 12    Int: 15    God:
Gold:   122        SH:  0    Dex: 11    Spells: 3/9 levels left

rFire    . . .     SeeInvis .     - Unarmed
rCold    . . .     Faith    .   (no shield)
rNeg     . . .     Spirit   .   (armour unavailable)
rPois    .         Reflect  .   (helmet restricted)
rElec    .         Harm     .   (no cloak)
rCorr    .         Rampage  .   (no gloves)
Will     .....                  i - +0 pair of boots
Stlth    +.........             (no amulet)
HPRegen  0.15/turn              (no ring)
MPRegen  0.11/turn              (no ring)

@: lethally poisoned (-1 -> -13), about to teleport
A: AC +6, unfitting armour, cold-blooded
a: no special abilities


You were on level 3 of the Dungeon.
You visited 1 branch of the dungeon, and saw 4 of its levels.

You collected 122 gold pieces.

Inventory:

Armour
 i - a +0 pair of boots (worn)
Magical Staves
 b - a staff of death
Jewellery
 f - a ring of ice
Scrolls
 a - 2 scrolls of vulnerability {unknown}
 c - 3 scrolls of identify
 d - a scroll of immolation {unknown}
 e - a scroll of magic mapping {unknown}
 h - a scroll of enchant weapon {unknown}


   Skills:
 - Level 1.1 Fighting
 - Level 1.7 Dodging
 - Level 3.0 Unarmed Combat
 - Level 2.0 Spellcasting
 + Level 6.6 Transmutations


You had 3 spell levels left.
You knew the following spells:

 Your Spells              Type           Power      Damage    Failure   Level
a - Beastly Appendage     Tmut           42%        N/A       1%          1
b - Spider Form           Tmut/Pois      5%         N/A       17%         3
c - Wereblood             Tmut           21%        N/A       2%          2

Your spell library contained the following spells:

 Spells                   Type           Power      Damage    Failure   Level
 Sting                    Tmut/Pois      44%        1d5       5%          1
 Poisonous Vapours        Pois/Air       2%         N/A       32%         2
 Ice Form                 Ice/Tmut       11%        N/A       50%         4
 Olgreb's Toxic Radiance  Pois           1%         N/A       91%         4


Dungeon Overview and Level Annotations

Branches:
Dungeon (4/15)
 Temple: D:4-7

Altars:

Shops:
D:1 =[   D:2 (


Innate Abilities, Weirdness & Mutations

Your plain brown scales are hard. (AC +6)
You cannot fit into any form of body armour.
You are cold-blooded and may be slowed by cold attacks.


Message History

The adder bites you. The orc hits you with a +0 flail.
The orc wizard mumbles some strange words.
The orc wizard flickers and vanishes!
Deactivating autopickup; reactivate with Ctrl-A.
You closely miss the adder.
The adder is moderately wounded.
The adder barely misses you. The orc closely misses you. Something hits you.
You hit something. The adder closely misses you. The orc closely misses you.
Something hits you.
You hit something. The adder completely misses you.
The adder barely misses you. Something hits you. The orc barely misses you.
You hit something. The adder bites you.
You are poisoned.
The adder poisons you! The orc hits you with a +0 flail.
Something completely misses you.
You hit something but do no damage.
You feel very sick. The adder bites you.
* * * LOW HITPOINT WARNING * * *
You are lethally poisoned!
The adder poisons you! The orc misses you. Something completely misses you.
You aren't carrying any potions.
You barely miss the adder.
The adder is almost dead.
* * * LOW HITPOINT WARNING * * *
You feel very sick.
Reactivating autopickup.
You feel a bit more experienced. The adder barely misses you.
The orc hits you with a +0 flail.
* * * LOW HITPOINT WARNING * * *
The adder bites you but does no damage.
As you read the scroll of teleportation, it crumbles to dust.
You feel strangely unstable.
* * * LOW HITPOINT WARNING * * *
You feel very sick.
You kill the adder!
The orc hits you with a +0 flail.
* * * LOW HITPOINT WARNING * * *
Your transformation has ended.
Your +0 pair of boots unmelds from your body.
You die...

####### ######
#.....# #.....
#.###.# #.#### #.#
#.# #.##.#
#o###.#######....#
#>)...............
#@###.##########.#
#.# #.# #.# #.#
#.##### #.# #.#
#.#...######.# #.#
#.#........#.#
##.###[#.....†..#.#
#...............#.#
#......[)..........
#......)........#.#


You could see an orc.

Vanquished Creatures
  Sigmund (D:2)
  Jessica (D:2)
  An orc wizard (D:3)
  A hound skeleton (D:4)
  A gnoll (D:3)
  3 adders (D:3)
  2 worms (D:2)
  3 orcs (D:3)
  6 bats
  7 endoplasms
  3 giant cockroaches
  5 goblins
  5 hobgoblins
  4 jackals (D:3)
  2 quokkas
  6 ball pythons
  5 frilled lizards
  4 kobolds
  2 rats (D:2)
62 creatures vanquished.

Vanquished Creatures (others)
  5 plants (D:2)
5 creatures vanquished.

Grand Total: 67 creatures vanquished

Notes
Turn   | Place    | Note
-------+----------+-------------------------------------------
     0 | D:1      | barney the Draconian Transmuter began the quest for the
                  | Orb.
     0 | D:1      | Reached XP level 1. HP: 16/16 MP: 3/3
    52 | D:1      | Found Gureir's Armour Shop.
   710 | D:1      | Reached XP level 2. HP: 22/23 MP: 5/5
  1064 | D:1      | Found Figyph's Jewellery Boutique.
  1074 | D:1      | Reached skill level 3 in Transmutations
  1610 | D:2      | Found a faded altar of an unknown god.
  1652 | D:2      | Noticed Jessica
  1664 | D:2      | Killed Jessica
  1665 | D:2      | Reached XP level 3. HP: 7/28 MP: 6/6
  1880 | D:2      | Noticed Sigmund
  1929 | D:2      | Learned a level 3 spell: Spider Form
  1932 | D:2      | Learned a level 2 spell: Wereblood
  2018 | D:2      | Reached skill level 4 in Transmutations
  2492 | D:3      | Reached XP level 4. HP: 29/35 MP: 3/7
  3703 | D:2      | Killed Sigmund
  3704 | D:2      | Reached skill level 6 in Transmutations
  3704 | D:2      | Reached XP level 5. HP: 34/40 MP: 4/8
  4006 | D:2      | Found Wirril's Antique Weapon Shop.
  4814 | D:3      | Reached XP level 6. HP: 33/47 MP: 1/9
  5078 | D:3      | HP: 2/47 [orc (4)]
  5079 | D:3      | Succumbed to an adder's poison

Illustrated notes

Levels and vault maps discovered:
D:1:      lightli_arrival_statuegarden, layout_basic, serial_shops, shop,
          nicolae_diamond_shop
D:2:      layout_basic, hellmonk_ecumenical_altar_pennies_from_heaven,
          serial_shops, nicolae_shop_overgrown_old_shop, uniq_jessica,
          uniq_sigmund
D:3:      layout_basic
D:4:      layout_cave_pools, nicolae_overflow_hidden_temple, st_stairs_2

Skill      XL: |  1  2  3  4 |
---------------+-------------+-----
Transmutations | 3 4 6 |  6.6
Fighting       | |  1.1
Dodging        | |  1.7
Unarmed Combat | |  3.0
Spellcasting   | |  2.0

Action                   |  1- 3 |  4- 6 || total
-------------------------+-------+-------++-------
Melee: Unarmed           |    86 |    95 ||   181
       Tailslap          |    10 |     4 ||    14
       Kick              |    13 |     7 ||    20
       Headbutt          |     3 |     4 ||     7
 Cast: Beastly Appendage |    27 |     7 ||    34
       Spider Form       |     1 |     9 ||    10
  Use: Scroll            |     3 |     1 ||     4
Armor: Skin              |    27 |    21 ||    48
Dodge: Dodged            |    52 |   115 ||   167
